Cogmind - Beta 13 @@@ ROGUE MODE // 2024.06.05 @ 21:27:36 Player: Beast Result: Core destroyed Performance ------------- Evolutions (2) 1000 Regions Visited (4) 800 Robots Destroyed (24) 120 Value Destroyed (547) 547 Prototype IDs (1) 20 Alien Tech Used (0) 0 Bonus (2) 2 TOTAL SCORE: 2489 Bonus ------- High Alert Combat Kills 2 Cogmind --------- Core Integrity 0/550 Matter 210/300 Energy 100/100 System Corruption 0% Temperature Cool (0) Movement Core (50) Location -8/Materials Parts ------- > --- POWER (1) -------- (None) > --- PROPULSION (4) --- (None) > --- UTILITY (4) ------ (None) > --- WEAPON (2) ------- (None) > --- INVENTORY (5) ---- Improved Heat Sink Improved Sensor Array Improved Light Armor Plating Hacking Suite Peak State ------------ > --- POWER ------------ Light Deuterium Engine > --- PROPULSION ------- Cesium-ion Thruster Cesium-ion Thruster Cesium-ion Thruster Cesium-ion Thruster > --- UTILITY ---------- Advanced Visual Processing Unit Improved Sensor Array Signal Interpreter System Shield > --- WEAPON ----------- Arc Projector Improved Datajack > --- INVENTORY -------- Improved Heat Sink Targeting Computer Recoil Stabilizer Hacking Suite Improved Light Cannon [Rating: 33] Favorites ----------- Power Ion Engine Engine Ion Engine Propulsion Cesium-ion Thruster Treads Light Treads Leg Improved Aluminum Leg Wheel Wheel Hover Unit Hover Unit Flight Unit Cesium-ion Thruster Utility Visual Processing Unit Device Improved Heat Sink Storage Small Storage Unit Processor Visual Processing Unit Hackware System Shield Weapon Particle Gun Energy Gun Particle Gun Energy Cannon Advanced Beam Cannon Ballistic Gun Light Assault Rifle Ballistic Cannon Improved Light Cannon Special Melee Weapon Improved Datajack Build | -11 -10 -9 -9 -8 ------- Run | Yrd Mat Mat Min Mat Slots Evolved 4 | . . 2 . 2 Power . | . . . . . Propulsion 2 | . . . . 2 Utility 2 | . . 2 . . Weapon . | . . . . . Parts Attached 42 | . 11 12 1 18 Power 3 | . 1 1 . 1 Engine 3 | . 1 1 . 1 Core . | . . . . . Reactor . | . . . . . Propulsion 13 | . 4 5 . 4 Treads 3 | . 2 1 . . Leg 2 | . . 2 . . Wheel 2 | . 1 . . 1 Hover 1 | . 1 . . . Flight 5 | . . 2 . 3 Utility 12 | . 3 4 . 5 Device 6 | . 1 4 . 1 Storage . | . . . . . Processor 5 | . 2 . . 3 Hackware 1 | . . . . 1 Protection . | . . . . . Artifact . | . . . . . Weapon 14 | . 3 2 1 8 Energy Gun 8 | . 3 1 . 4 Energy Cannon 3 | . . 1 1 1 Ballistic Gun . | . . . . . Ballistic Cannon 2 | . . . . 2 Launcher . | . . . . . Special Weapon . | . . . . . Impact Weapon . | . . . . . Slashing Weapon . | . . . . . Piercing Weapon . | . . . . . Special Melee Weapon 1 | . . . . 1 Unidentified Prototypes 1 | . . 1 . . Parts Lost 13 | . 5 . . 8 Power 2 | . 1 . . 1 Propulsion 6 | . 2 . . 4 Utility 1 | . . . . 1 Weapon 4 | . 2 . . 2 Highest Loss Streak 8 | . 4 . . 8 To Critical Strikes . | . . . . . Average Slot Usage (%) 82 | . 83 83 80 79 Engine 10 | . 11 11 11 8 Treads 9 | . 14 14 . . Leg 2 | . 3 4 . . Wheel 1 | . 2 . . 3 Flight 9 | . . 2 22 23 Device 14 | . 7 21 33 12 Storage 1 | . 3 . . . Processor 13 | . 13 11 11 17 Energy Gun 9 | . 15 9 . 5 Energy Cannon 3 | . . 9 3 . Ballistic Gun 2 | . 9 . . . Special Melee Weapon 1 | . . . . 4 Naked Turns . | . . . . . Heaviest Build 17 | 12 12 17 14 12 Greatest Support 40 | 20 40 40 10 20 Greatest Overweight (x) 3 | . 3 2 1 1 Average Overweight (x) . | . . . . . Largest Inventory Capacity 8 | . 8 5 5 5 Average Capacity 5 | . 5 5 5 5 Most Carried 8 | . 8 5 5 5 Average Carried 4 | . 4 4 4 4 Final Capacity 8 | 8 5 5 5 5 Final Carried 6 | 6 4 5 5 4 Class Distribution -------------------- 58% | Mutant 17% | Scout 15% | Scavenger-Mutant 5% | Sprinter Dominant Class ---------------- Mutant | -10/Materials Mutant | -9/Materials Mutant | -9/Mines Scout | -8/Materials Resources | -11 -10 -9 -9 -8 ----------- Run | Yrd Mat Mat Min Mat Matter Collected 576 | 169 154 70 . 183 Remotely . | . . . . . Salvage Created 750 | . 194 190 . 366 Parts 48 | . 14 11 . 23 Haulers Intercepted 2 | . . . . 2 Recyclers Shooed 2 | . . 1 . 1 Parts Field Recycled . | . . . . . Retrieved Matter . | . . . . . Parts Self-Destructed . | . . . . . Prevented . | . . . . . Kills | -11 -10 -9 -9 -8 ------- Run | Yrd Mat Mat Min Mat Combat Hostiles Destroyed 15 | . 4 3 . 8 Guns 5 | . 4 . . 1 Cannons 10 | . . 3 . 7 Classes Destroyed 8 | . 2 3 . 3 Worker 2 | . . 1 . 1 Hauler 2 | . . . . 2 Mechanic 1 | . . . . 1 Operator 1 | . 1 . . . Watcher 3 | . . 2 . 1 Swarmer 5 | . . . . 5 Grunt 9 | . 4 2 . 3 Duelist 1 | . . 1 . . Best Kill Streak 5 | . 4 5 . 5 Combat Bots Only 4 | . 4 3 . 4 Max Kills in Single Turn 1 | . 1 1 . 1 Gunslinging . | . . . . . Exploded . | . . . . . Melee . | . . . . . Uniques/NPCs Destroyed . | . . . . . Combat | -11 -10 -9 -9 -8 -------- Run | Yrd Mat Mat Min Mat Hostile Shots Fired 233 | . 82 30 . 121 Missed 86 | . 25 8 . 53 Damage Taken 1883 | . 647 249 29 958 Core 801 | . 199 35 17 550 Absorbed by Shields . | . . . . . Core Remaining (%) 69 | 100 20 . 87 . Volleys Fired 107 | . 29 25 . 53 Largest 2 | . 2 2 . 2 Hottest 133 | . 65 133 . 124 Shots Fired 135 | . 43 35 . 57 Gun 90 | . 43 10 . 37 Cannon 45 | . . 25 . 20 Launcher . | . . . . . Special . | . . . . . Kinetic 57 | . 38 . . 19 Thermal 36 | . 1 35 . . Explosive . | . . . . . Electromagnetic 42 | . 4 . . 38 Robot Hit Streak 10 | . 9 4 . 10 Robot Miss Streak 3 | . 3 3 . 3 Penetration Max . | . . . . . Secondary Targets 1 | . 1 . . . Max Gunslinging Chain 1 | . 1 . . . Shots Hit Robots 89 | . 28 18 . 43 Core Hits 39 | . 12 7 . 20 Critical Kills 1 | . . 1 . . Critical Parts Destroyed . | . . . . . Critical Strikes 2 | . . 1 . 1 Meltdown 1 | . . 1 . . Blast 1 | . . . . 1 Melee Attacks 10 | . . . . 10 Impact . | . . . . . Slashing . | . . . . . Piercing . | . . . . . Sneak Attacks 2 | . . . . 2 Combat Hostiles 1 | . . . . 1 Follow-up Attacks . | . . . . . Damage Inflicted 1431 | . 242 383 . 806 Guns 742 | . 242 112 . 388 Cannons 618 | . . 271 . 347 Explosions 66 | . . . . 66 Melee . | . . . . . Ramming 5 | . . . . 5 Kinetic 521 | . 206 . . 315 Thermal 449 | . . 383 . 66 Explosive . | . . . . . Electromagnetic 456 | . 36 . . 420 Impact . | . . . . . Slashing . | . . . . . Piercing . | . . . . . Highest Corruption 1 | . . 1 1 . Average Corruption 1 | . . 1 1 . Corruption Purged . | . . . . . Corruption Blocked . | . . . . . Effects 3 | . . 2 1 . Heat Flow Errors 2 | . . 1 1 . Data Loss (minor) 1 | . . 1 . . Overload Shots . | . . . . . Overflow Damage 20 | . . 20 . . Projectiles 20 | . . 20 . . Explosions . | . . . . . Melee . | . . . . . Knockbacks 2 | . . . . 2 Impact . | . . . . . Kinetic 2 | . . . . 2 Secondary . | . . . . . Self-Inflicted Damage 2 | . . . . 2 Shots . | . . . . . Rammed 2 | . . . . 2 Targets Rammed 2 | . . . . 2 Kicked . | . . . . . Crushed . | . . . . . Highest Temperature 260 | . 60 260 176 100 Average Temperature 43 | . 25 62 176 37 Received Heat Transfer 756 | . 336 132 . 288 Siege Activations . | . . . . . Robots Corrupted . | . . . . . Combat Hostiles . | . . . . . Parts Fried 2 | . . . . 2 Impact Corruptions . | . . . . . Robots Melted 1 | . . 1 . . Combat Hostiles . | . . . . . Parts Melted 7 | . . 7 . . Heat Transferred 890 | . . 740 . 150 Parts Sabotaged . | . . . . . Parts Stolen . | . . . . . Parts Stripped . | . . . . . Power Chain Reactions 1 | . . . . 1 Alert | -11 -10 -9 -9 -8 ------- Run | Yrd Mat Mat Min Mat Peak Influence 424 | . 129 157 . 424 Initial 53 | . . 53 . . Average 128 | . 63 110 . 214 Maximum Alert Level 2 | . . . . 2 Low Security (%) 80 | . 100 100 100 39 Level 1 17 | . . . . 54 Level 2 2 | . . . . 6 Level 3 . | . . . . . Level 4 . | . . . . . Level 5 . | . . . . . High Security . | . . . . . Max Security . | . . . . . Squads Dispatched 6 | . 1 . . 5 Investigation 1 | . . . . 1 Extermination . | . . . . . Reinforcement 5 | . 1 . . 4 Assault . | . . . . . Garrison . | . . . . . Intercept . | . . . . . Searches Triggered . | . . . . . Construction Impeded . | . . . . . Haulers Reinforced . | . . . . . Active Scanning Responses . | . . . . . Cargo Convoy Interrupts . | . . . . . Stealth | -11 -10 -9 -9 -8 --------- Run | Yrd Mat Mat Min Mat Distress Signals 3 | . 1 . . 2 Communications Jammed . | . . . . . Distress Signals . | . . . . . Times Spotted 54 | . 11 6 2 35 Peak Tracking Total 8 | . 6 3 2 8 Tactical Retreats 6 | . 2 . . 4 Traps | -11 -10 -9 -9 -8 ------- Run | Yrd Mat Mat Min Mat Traps Triggered 2 | . . 1 1 . Indirectly . | . . . . . Trap Hack Attempts . | . . . . . Triggered . | . . . . . Disarmed . | . . . . . Reprogrammed . | . . . . . Reused . | . . . . . Traps Extracted . | . . . . . Installed . | . . . . . Triggered . | . . . . . Machines | -11 -10 -9 -9 -8 ---------- Run | Yrd Mat Mat Min Mat Machines Disabled . | . . . . . Max in Single Turn . | . . . . . Machines Repaired . | . . . . . Machines Dismantled . | . . . . . Machines Sabotaged . | . . . . . Overloaded Fab Kills . | . . . . . Hacking | -11 -10 -9 -9 -8 --------- Run | Yrd Mat Mat Min Mat Machines Accessed 10 | . 2 2 1 5 Terminals 6 | . 2 1 . 3 Fabricators . | . . . . . Repair Stations . | . . . . . Recycling Units 2 | . . 1 . 1 Scanalyzers 1 | . . . . 1 Garrison Access . | . . . . . Total Hacks 19 | . 2 4 1 12 Successful 10 | . 2 2 1 5 Failed 9 | . . 2 . 7 Catastrophic 1 | . . . . 1 Database Lockouts . | . . . . . Manual . | . . . . . Terminals 13 | . 2 2 . 9 Fabricators . | . . . . . Repair Stations . | . . . . . Recycling Units 3 | . . 2 . 1 Scanalyzers 2 | . . . . 2 Garrison Access . | . . . . . Terminal Hacks 5 | . 2 . 1 2 Record 2 | . 1 . . 1 Robot Analysis 1 | . 1 . . . Open Door 1 | . . . 1 . Alert Level 1 | . . . . 1 Fabricator Hacks . | . . . . . Repair Station Hacks . | . . . . . Recycling Unit Hacks 3 | . . 2 . 1 Report Inventory 2 | . . 1 . 1 Retrieve Components 1 | . . 1 . . Scanalyzer 2 | . . . . 2 Insert Component 1 | . . . . 1 Analyze 1 | . . . . 1 Garrison Access Hacks . | . . . . . Unauthorized Hacks . | . . . . . Terminals . | . . . . . Fabricators . | . . . . . Repair Stations . | . . . . . Recycling Units . | . . . . . Scanalyzers . | . . . . . Garrison Access . | . . . . . Data Cores Recovered 1 | . 1 . . . Used . | . . . . . Hacking Detections 5 | . . 1 . 4 Full Trace Events 1 | . . . . 1 Feedback Events . | . . . . . Feedback Blocked . | . . . . . Robot Schematics Acquired . | . . . . . Robots Built . | . . . . . Authchips . | . . . . . Time . | . . . . . Total Robot Build Rating . | . . . . . Part Schematics Acquired 1 | . . . . 1 Parts Built . | . . . . . Authchips . | . . . . . Time . | . . . . . Total Part Build Rating . | . . . . . Parts Repaired . | . . . . . Time . | . . . . . Parts Recycled . | . . . . . Recycled Matter . | . . . . . Retrieved Matter . | . . . . . Retrieved Components 2 | . . 2 . . Parts Scanalyzed 1 | . . . . 1 Part Schematics Acquired 1 | . . . . 1 Parts Damaged . | . . . . . Bothacking | -11 -10 -9 -9 -8 ------------ Run | Yrd Mat Mat Min Mat Used RIF Installer . | . . . . . Robots Hacked 3 | . . . . 3 Non-combat 1 | . . . . 1 Combat 2 | . . . . 2 Robot Hacks Applied 3 | . . . . 3 parse_system 3 | . . . . 3 Relay Couplers Released . | . . . . . Fabnet Peak Effective % . | . . . . . Robots Rewired 1 | . . . . 1 Allies Hacked . | . . . . . Hacks Repelled . | . . . . . Allies | -11 -10 -9 -9 -8 -------- Run | Yrd Mat Mat Min Mat Total Allies 1 | . . . . 1 Largest Group 1 | . . . . 1 Highest-Rated Group 15 | . . . . 15 Highest-Rated Ally 15 | . . . . 15 Total Orders 1 | . . . . 1 ROAM 1 | . . . . 1 Ally Attacks . | . . . . . Total Damage . | . . . . . Kills . | . . . . . Allies Corrupted . | . . . . . Allies Melted . | . . . . . Intel | -11 -10 -9 -9 -8 ------- Run | Yrd Mat Mat Min Mat Robot Analysis Total 1 | . 1 . . . Derelict Logs Recovered . | . . . . . Drone Launches . | . . . . . Drone Recoveries . | . . . . . Exploration | -11 -10 -9 -9 -8 ------------- Run | Yrd Mat Mat Min Mat Turns Passed 1121 | . 323 405 23 370 Spaces Moved 1032 | 1 176 228 46 581 Core 68 | . 14 . . 54 Treads 231 | . 102 129 . . Legs 79 | 1 22 56 . . Wheels 82 | . 38 . . 44 Hover . | . . . . . Flight 572 | . . 43 46 483 Fastest Speed 26 | 120 50 112 32 26 Average Speed 76 | 120 135 141 40 36 Slowest Speed 200 | 120 200 195 112 95 Overloaded Moves . | . . . . . Propulsion Burnouts . | . . . . . Robots Hopped 1 | . . . . 1 Cave-ins Triggered . | . . . . . Exploration Rate (%) 21 | 2 26 27 20 34 Regions Visited 4 Branch Regions 1 Pre-discovered Areas . | . . . . . Known Exits Taken . | . . . . . Unknown Exits Taken 4 | 1 1 1 1 . Scrap Searched . | . . . . . Spaces Dug . | . . . . . Terrain Destroyed 3 | . . . . 3 Melee . | . . . . . Projectile . | . . . . . AOE 3 | . . . . 3 Terrain Rammed . | . . . . . Walls Destroyed . | . . . . . Machines Disabled . | . . . . . Actions | -11 -10 -9 -9 -8 --------- Run | Yrd Mat Mat Min Mat Total 1234 | . 224 274 51 685 Wait 1 | . . . . 1 Move 1026 | . 175 227 45 579 Hop 1 | . . . . 1 Pick Up 8 | . 3 . 1 4 Fast Attach 27 | . 8 10 1 8 Attach 12 | . 3 1 . 8 Detach 10 | . 1 1 1 7 Swap 3 | . . 1 . 2 Drop 25 | . 5 9 3 8 Fire 107 | . 29 25 . 53 Melee 10 | . . . . 10 Ram 1 | . . . . 1 Kick . | . . . . . Crush . | . . . . . Escape Stasis . | . . . . . Rewire 3 | . . . . 3 Trap . | . . . . . Miscellaneous . | . . . . . Route ------- -11/Scrapyard -10/Materials (discovered 2 exits: *Mat / [*Min]) -9/Materials -9/Mines -8/Materials History --------- Turn | Location | Event 1 | -11/Scrapyard | Discovered new exit (range 0) 1 | -11/Scrapyard | Entered Materials 117 | -10/Materials | Core integrity fell below 50% 160 | -10/Materials | Lost 4 parts (1p1n2w) 185 | -10/Materials | Discovered new exit (range 12) 254 | -10/Materials | Discovered new exit (range 3) 303 | -10/Materials | Build established: Mutant 324 | -10/Materials | Entered another Materials area 324 | -9/Materials | Evolved 2 slots: Utility x2 685 | -9/Materials | Discovered new exit (range 16) 729 | -9/Materials | Entered Mines 730 | -9/Mines | Assembled infested the area 732 | -9/Mines | Met a Derelict who couldn't figure out how to use a Trap Extractor 735 | -9/Mines | Assisted by a Guerilla fighting off Assembled 742 | -9/Mines | Discovered new exit (range 9) 752 | -9/Mines | Entered Materials 752 | -8/Materials | Evolved 2 slots: Propulsion x2 1103 | -8/Materials | Core integrity fell below 50% 1118 | -8/Materials | Core integrity fell below 20% 1122 | -8/Materials | Core destroyed Last Messages --------------- >>parse_system Reading system data... 01090_ Lgt. Deuterium Engine destroyed. 01091_ Cesium-ion Thruster destroyed. 01091_ ALERT: Suspicious intruders detected, dispatching Cutter reinforcements to area. 01096_ Jacked C-17 Slicer... >>parse_system Reading system data... 01097_ Imp. Datajack destroyed. 01101_ Adv. Visual Processing Unit severed. 01108_ K-01 Serf cleans the Nuclear Reactor. 01112_ Critical hit (Burn: +37). 01117_ Targeting Computer severed. 01117_ C-17 Slicer destroyed. 01121_ Slammed into S-10 Pest. 01121_ Signal Interpreter broken. 01121_ Destabilizing: Short circuit. 01122_ Broken Signal Interpreter severed. 01122_ Slammed into S-10 Pest. Map ----- +----------------------------------------------------+ | | | | | | | | | | | | | | | | | | | | | | | | | | | | | ???????????#??????????????????????? | | ????????### ######????????????????? | | ????????# #????????????????? | | ????????# !Y""" ]#????????????????? | | ????????# """ #????????????????? | | ????????#! """ #????????????????? | | ????????# #????????????????? | | ????????# ########?????????? | | ????????# #!!]]!!#?????????? | | ????????# "T" #!!]]!!#?????????? | | ???#????# """ # #?????????? | | ???# ##@;###### #??????????? | | ???# s cs !* #??????????? | | ???# H %=%% ##########?? | | ???# ## ####/##### # = #?? | | #####+####r# g # # ! #?? | | # # # """ # # """ #?? | | # ! # # """ ; # """"" #?? | | # # # """ # + """"" #?? | | # # # # # """"" #?? | | # # # " "" # # """ #?? | | # # # "R"" / / #?? | | #! !]] # # """" !=#### #?? | | # !] # # #############?? | | # !] # ######/####= T #?????? | | ?######+## #????# #??# = ! #?????? | | ??????# #??###/#### = #?????? | | ??????# #### #== #?????? | | ??????# + #= #?????? | | ??????# ## """ # #?????? | | ??????# ## """ ###+####?????? | | ??????#] ## """ + #???####?? | | ??????# ## ###*#??? #?? | | ??????# #####+###?# #?? #?? | | ??????# #???#*#? #?? | | ??????# ##### ### | +----------------------------------------------------+ Best States ------------- Heat Dissipation 62 Energy Generation 14 Energy Capacity 265 Matter Stores 300 Matter Capacity 300 Sight Range 20 Robot Scan Range 15 Terrain Scan Density 10 Evasion (%) 64 Targeting Accuracy 5 Recoil Reduction 8 Defensive Hacking 10 Item Schematics ----------------- Imp. Light Cannon | -8/Materials | Scanalyzed Robot Schematics ------------------ None Fabricated ------------ Nothing Alien Tech Used ----------------- None Achievements -------------- None Challenges ------------ None Game ------ Seed SuspensionCombatMantle Manual? 0 Play Time 00:29:58 Cumulative 79.5 hours Start 2024.06.05 @ 21:00:28 End 2024.06.05 @ 21:27:36 Sessions 1 Manual Loads 0 Difficulty Rogue Special Mode None Game No. 84 Rogue 83 Adventurer 0 Explorer 1 Win Type - Total 0 Types 0/0/0/0/0/0/0/0/0 Lore% 38 Gallery% 56 Achievement% 35 Wizard Run 0 Options --------- Layout 1 ASCII 0 Keyboard 0 Movement Mouse Keybinds 0 Fullscreen 1 Font 24/Smallcaps Map View 50x35 Zoom Use 0% Tactical HUD 1 Map Filters NONE Filters NONE Steam 1 RUN: 6ccbce0f-eb11-4833-8cc2-9d8769aa6b9d